 Dungeon Crawl Stone Soup version 0.20.1-1-g8b1a95d (webtiles) character file.

197 vomix the Chopper (level 5, -7/67 HPs)
             Began as a Minotaur Berserker on Aug 27, 2017.
             Was a Believer of Trog.
             Mangled by an orc warrior
             ... wielding a cursed -2 glaive
              (20 damage)
             ... on level 6 of the Dungeon.
             The game lasted 00:02:37 (1631 turns).

vomix the Chopper (Minotaur Berserker)              Turns: 1631, Time: 00:02:38

Health: -7/67      AC:  6    Str: 26    XL:     5   Next: 46%
Magic:  4/4        EV: 11    Int:  4    God:    Trog [**....]
Gold:   139        SH:  0    Dex: 11    Spells: 4/4 levels left

rFire    . . .     SeeInvis .   r - +0 battleaxe
rCold    . . .     Gourm    .   (shield currently unavailable)
rNeg     . . .     Faith    .   k - +0 scale mail
rPois    .         Spirit   .   (helmet restricted)
rElec    .         Reflect  .   (no cloak)
rCorr    .         Harm     .   (no gloves)
MR       .....                  (no boots)
Stlth    ..........             (no amulet)
Regen    0.3/turn               (no ring)
MPRegen  0.1/turn               (no ring)

@: berserking, very quick
A: retaliatory headbutt, horns 2
a: Berserk, Trog's Hand, Burn Spellbooks, Renounce Religion


You were on level 6 of the Dungeon.
You worshipped Trog.
Trog was pleased with you.
You were very hungry.

You visited 1 branch of the dungeon, and saw 6 of its levels.

You collected 139 gold pieces.

Inventory:

Hand Weapons
 r - a +0 battleaxe (weapon)
Armour
 k - a +0 scale mail (worn)
Wands
 n - a wand of enslavement (16/24)
Scrolls
 a - a scroll of holy word {unknown}
 e - 2 scrolls of teleportation {unknown}
 f - a scroll of remove curse {unknown}
 h - 3 scrolls of identify {unknown}
 o - a scroll of random uselessness {unknown}
 p - a scroll of fog {unknown}
Potions
 d - 2 potions of might {unknown}
 i - 2 potions of mutation {unknown}
 l - a potion of ambrosia {unknown}
 q - 2 potions of curing {unknown}
Comestibles
 b - 9 chunks of flesh
 c - 3 bread rations
 g - a fruit
 j - a meat ration
 m - 2 royal jellies


   Skills:
 - Level 3.6 Fighting
 + Level 7.5 Axes
 - Level 2.4 Armour
 - Level 2.1 Dodging


You had 4 spell levels left.
You didn't know any spells.

Dungeon Overview and Level Annotations

Branches:
Dungeon (5/15)
 Temple: D:4-7

Altars:
Gozag


Innate Abilities, Weirdness & Mutations

You reflexively headbutt those who attack you in melee.
You have a pair of horns on your head.


Message History

An orc comes into view. It is wielding a mace.
A red film seems to cover your vision as you go berserk!
You feel yourself moving faster!
You feel mighty!
You are feeling very hungry.
The orc shouts!
You slash the orc priest! Your headbutt misses the orc priest.
The orc priest is heavily wounded.
The orc priest hits you with a flail.
The orc warrior hits you from afar with a glaive!
You barely miss the orc priest.
The orc priest is heavily wounded.
The orc priest hits you with a flail.
* * * LOW HITPOINT WARNING * * *
You slash the orc priest!
You kill the orc priest!
Trog accepts your kill.
The orc warrior hits you from afar with a glaive!
* * * LOW HITPOINT WARNING * * *
The orc warrior hits you with a glaive!!
You die...

#############
#............
.##.########............
...ooao@...........>....
..#.#o#####.............
# #.............
#.............
#.............
###......)......
..........)......
#####....).......
#....[.......


You could see an orc warrior, a worker ant and 3 orcs.

Vanquished Creatures
  An ogre (D:6)
  An orc priest (D:6)
  4 adders
  A worm (D:3)
  A dart slug (D:3)
  2 leopard geckos
  4 orcs (D:6)
  2 giant cockroaches (D:1)
  5 goblins
  5 hobgoblins
  A quokka (D:2)
  3 bats
  3 frilled lizards
  2 kobolds
  6 rats
41 creatures vanquished.

Notes
Turn   | Place    | Note
-------+----------+-------------------------------------------
     0 | D:1      | vomix the Minotaur Berserker began the quest for the Orb.
     0 | D:1      | Reached XP level 1. HP: 19/19 MP: 0/0
   162 | D:1      | Reached skill level 4 in Axes
   231 | D:1      | Reached XP level 2. HP: 24/26 MP: 1/1
   665 | D:2      | Found an opulent altar of Gozag.
   704 | D:2      | Reached skill level 5 in Axes
   720 | D:2      | Reached XP level 3. HP: 25/31 MP: 2/2
  1159 | D:3      | You fall through a shaft for 2 floors!
  1159 | D:5      | Entered Level 5 of the Dungeon
  1282 | D:3      | Reached XP level 4. HP: 8/39 MP: 3/3
  1536 | D:3      | Reached skill level 6 in Axes
  1572 | D:3      | You fall through a shaft for 3 floors!
  1572 | D:6      | Noticed an ogre
  1577 | D:6      | Killed an ogre
  1577 | D:6      | Reached ** piety under Trog
  1577 | D:6      | Reached skill level 7 in Axes
  1577 | D:6      | Reached XP level 5. HP: 45/45 MP: 4/4
  1624 | D:6      | Noticed an orc warrior
  1631 | D:6      | Mangled by an orc warrior

Skill      XL: |  1  2  3  4 |
---------------+-------------+-----
Axes           | 4 5 7 |  7.5
Fighting       | |  3.6
Armour         | |  2.4
Dodging        | |  2.1

Action                   |  1- 3 |  4- 6 || total
-------------------------+-------+-------++-------
Melee: Hand axe          |    63 |    12 ||    75
       Headbutt          |    13 |     5 ||    18
       Battleaxe         |       |     3 ||     3
Invok: Berserk           |       |     2 ||     2
  Eat: Chunk             |     1 |     2 ||     3
Armor: Animal skin       |     2 |       ||     2
       Scale mail        |    19 |     1 ||    20
Dodge: Dodged            |    28 |     8 ||    36
